Map: Oxide LE

Players

ByuN

  • Race: Terran Terran
  • Spawn Location: 1:00

Serral - Winner!

  • Race: Zerg Zerg
  • Spawn Location: 7:00

Event: TSL 6

VOD

Have the link to the VOD?

Description

Time

  • Played on: Dec. 20, 2020, 1:42 p.m.
  • Length: 8:53

All games in this series

Show
View Real Time Build Order
Export as new Build Order

ByuN Terran 

Build Orders:  

Get SALT Encoding   

  12  0:00  SCV  
  13  0:12  SCV  
  14  0:17  Supply Depot  
  14  0:24  SCV  
  15  0:39  SCV  
  15  0:40  Barracks  
  15  0:42  Refinery  
  16  0:51  SCV  
  17  1:03  SCV  
  18  1:15  SCV  
  19  1:27  Orbital Command, Marine  
  20  1:37  Command Center  
  20  1:49  Factory  
  20  1:52  SCV  
  21  1:58  Refinery  
  21  2:02  Barracks Reactor  
  21  2:05  SCV  
  22  2:10  Supply Depot  
  22  2:17  SCV  
  23  2:32  SCV  
  23  2:33  Hellion  
  23  2:34  Starport  
  26  2:40  Marine x2  
  28  2:44  SCV  
  28  2:49  Orbital Command  
  29  2:55  Hellion  
  29  2:57  SCV  
  32  3:01  Marine  
  32  3:02  Marine  
  34  3:10  Medivac, SCV  
  37  3:15  SCV  
  37  3:18  Marine  
  39  3:20  Factory Tech Lab, Marine  
  39  3:25  Supply Depot  
  40  3:27  SCV x2  
  42  3:39  SCV, Siege Tank  
  46  3:46  SCV, Marine x2  
  49  3:50  Supply Depot  
  49  3:52  SCV  
  50  3:58  SCV  
  50  3:59  Supply Depot  
  35  4:02  Medivac  
  51  4:04  Marine  
  54  4:11  SCV x2, Marine  
  56  4:22  Command Center  
  56  4:23  SCV x2  
  58  4:31  Factory Reactor  
  58  4:34  Liberator  
  58  4:35  SCV  
  58  4:36  SCV  
  63  4:45  Supply Depot  
  63  4:46  Barracks  
  63  4:48  SCV x2  
  63  4:49  Barracks  
  63  4:51  Stimpack  
  65  4:53  Marine  
  66  5:00  SCV x2  
  68  5:10  Marine  
  68  5:12  SCV x2  
  68  5:13  Refinery  
  71  5:14  Engineering Bay, Refinery  
  71  5:17  Factory Reactor  
  71  5:21  Starport Reactor  
  71  5:24  SCV x2  
  70  5:28  Marine  
  70  5:29  Factory Tech Lab  
  69  5:36  SCV x2  
  69  5:37  Marine x2  
  69  5:40  Orbital Command  
  73  5:44  Engineering Bay, Terran Infantry Weapons Level 1  
  73  5:46  Marine  
  73  5:48  Siege Tank  
  77  5:57  Barracks x2  
  77  5:59  Marine x2  
  77  6:00  Medivac x2  
  83  6:04  Marine  
  83  6:05  SCV x2  
  83  6:07  Orbital Command  
  86  6:12  Terran Infantry Armor Level 1  
  86  6:13  Supply Depot  
  86  6:17  SCV, Marine  
  86  6:18  SCV  
  90  6:19  Armory  
  90  6:25  Marine x2  
  90  6:30  Supply Depot  
  90  6:31  Supply Depot  
  90  6:32  SCV x2  
  93  6:35  SCV  
  94  6:42  Marine  
  94  6:43  Combat Shield, Marine x4  
  94  6:44  SCV x2  
  94  6:45  Barracks Reactor  
  94  6:46  Barracks Reactor  
  101  6:50  Supply Depot  
  101  6:51  Supply Depot  
  101  6:52  Siege Tank, SCV  
  105  6:56  SCV x2  
  105  6:59  Armory  
  107  7:04  SCV  
  107  7:05  Marine x2  
  107  7:06  Marine x3  
  107  7:08  SCV x2  
  114  7:16  SCV  
  114  7:18  Refinery  
  114  7:20  SCV x2  
  115  7:23  Marine x2  
  115  7:24  Siege Tank, Marine x4  
  115  7:25  Marine x3  
  115  7:28  SCV  
  128  7:32  Refinery  
  128  7:37  Supply Depot x2  
  128  7:38  Supply Depot  
  128  7:42  Marine x4  
  128  7:43  Marine  
  133  7:47  Supply Depot  
  133  7:49  Marine x2  
  133  7:50  Marine x2  
  130  7:56  Siege Tank  
  130  8:00  Marine x5  
  133  8:07  Marine x3  
  133  8:08  Marine  
  120  8:18  Marine x5  
  120  8:19  Medivac x2  
  108  8:25  Marine x3  
  108  8:26  Marine  
  108  8:29  SCV  
  108  8:30  SCV  
  109  8:36  SCV  
Show
View Real Time Build Order
Export as new Build Order

Serral Zerg - Winner!

Build Orders: Hatch First 

Get SALT Encoding   

  12  0:00  Drone  
  13  0:12  Overlord  
  13  0:16  Drone  
  14  0:30  Drone x2  
  16  0:47  Hatchery  
  15  0:51  Drone  
  15  0:54  Drone  
  17  0:58  Drone  
  18  1:08  Extractor  
  17  1:13  Spawning Pool  
  17  1:16  Drone  
  17  1:19  Drone  
  18  1:28  Drone  
  19  1:38  Drone  
  20  1:49  Drone  
  21  1:59  Queen  
  21  2:00  Zergling x4, Queen  
  27  2:11  Overlord  
  27  2:12  Drone, Metabolic Boost  
  28  2:27  Hatchery  
  27  2:31  Drone  
  27  2:33  Drone  
  27  2:35  Drone  
  30  2:38  Drone  
  31  2:45  Queen  
  31  2:49  Overlord  
  33  2:52  Drone  
  33  2:55  Drone  
  33  2:57  Drone  
  36  3:10  Overlord, Drone x4  
  40  3:15  Drone  
  41  3:20  Queen, Drone  
  41  3:25  Overlord  
  43  3:35  Roach Warren  
  43  3:39  Overlord, Queen  
  44  3:42  Drone x2  
  44  3:43  Zergling x2  
  44  3:44  Zergling x2  
  44  3:46  Drone  
  49  3:51  Zergling x2  
  49  3:52  Drone x2  
  52  3:56  Overlord  
  52  3:57  Drone  
  52  4:01  Zergling x2  
  54  4:05  Zergling x2  
  54  4:06  Overlord  
  54  4:09  Zergling x2  
  56  4:10  Zergling x2  
  56  4:12  Overlord  
  56  4:14  Drone x3  
  59  4:17  Overlord  
  59  4:19  Overlord  
  59  4:25  Roach  
  59  4:27  Roach  
  59  4:28  Roach  
  59  4:30  Roach  
  68  4:31  Drone x2  
  69  4:40  Extractor x2  
  69  4:41  Roach  
  69  4:43  Zergling x4  
  71  4:47  Overlord  
  71  4:50  Drone  
  71  4:52  Drone  
  72  4:53  Drone x2  
  72  4:58  Ravager  
  75  5:00  Drone  
  75  5:01  Drone x2  
  75  5:02  Overlord, Queen  
  75  5:05  Ravager  
  75  5:06  Drone x3  
  84  5:08  Extractor  
  84  5:09  Overlord  
  84  5:11  Overlord  
  83  5:17  Roach  
  85  5:22  Drone  
  85  5:23  Drone x4  
  85  5:25  Drone  
  85  5:28  Lair  
  90  5:29  Overlord  
  90  5:30  Drone  
  91  5:36  Extractor, Drone x3  
  91  5:37  Extractor  
  91  5:41  Evolution Chamber  
  91  5:42  Evolution Chamber  
  90  5:45  Overlord  
  90  5:49  Drone x5  
  95  5:54  Drone  
  95  5:55  Spore Crawler  
  95  5:57  Drone  
  95  6:03  Drone x5  
  101  6:08  Zerg Ground Armor Level 1, Zerg Missile Weapons Level 1  
  101  6:15  Overlord  
  101  6:16  Roach x2  
  105  6:23  Hatchery  
  105  6:25  Ravager  
  105  6:29  Spore Crawler  
  105  6:30  Roach x2  
  108  6:33  Overlord  
  108  6:37  Roach x3  
  113  6:40  Glial Reconstitution  
  113  6:43  Overlord  
  113  6:48  Roach x4  
  113  6:50  Overseer  
  121  6:55  Roach x4  
  129  7:02  Roach x4  
  129  7:05  Overlord  
  137  7:09  Roach x3  
  142  7:18  Roach x5  
  150  7:24  Roach x4  
  150  7:29  Overlord x2  
  158  7:32  Roach  
  158  7:33  Roach x2  
  158  7:36  Ravager x6  
  170  7:39  Overlord, Overseer  
  170  7:42  Ravager  
  171  7:44  Roach x2  
  171  7:47  Roach  
  171  7:48  Roach  
  170  7:53  Roach x4  
  180  8:00  Roach x4  
  180  8:01  Ravager  
  186  8:11  Roach x6  
  170  8:19  Roach x2  
  170  8:20  Roach x3  
  170  8:31  Roach x4  
  170  8:32  Roach x3  
Tags
 
Event
TSL 6
Matchup
TvZ
Spawn Locations
Cross Positions
Add a new tag
Caveats
  • Supply blocks, unpowered buildings, or Contaminate may cause inaccurate times.
  • Supply counts are checked every 10 seconds.